 Dungeon Crawl Stone Soup version 0.29.1-15-g9cfb28693d (webtiles) character file.

Game seed: 16407378113916237049

929 LustLizard the Sneak (level 8, 0/48 HPs)
             Began as a Kobold Brigand on Apr 4, 2023.
             Splashed by a jelly's acid (4 damage)
             ... on level 6 of the Dungeon.
             The game lasted 00:11:04 (5530 turns).

LustLizard the Sneak (Kobold Brigand)               Turns: 5530, Time: 00:11:04

Health: 0/48       AC: -3    Str: 11    XL:     8   Next: 32%
Magic:  8/8        EV: 12    Int: 12    God:
Gold:   251        SH:  0    Dex: 16    Spells: 7/7 levels left

rFire   . . .      SeeInvis .   l - +2 dagger (speed)
rCold   . . .      Faith    .   (no shield)
rNeg    . . .      Spirit   .   a - +0 scale mail
rPois   .          Reflect  .   (no helmet)
rElec   .          Harm     .   c - +0 cloak
rCorr   .          Rampage  .   b - +0 pair of gloves
Will    .....                   e - +0 pair of boots
Stlth   +++.......              (no amulet)
HPRegen 0.16/turn               (no ring)
MPRegen 0.11/turn               (no ring)

@: corroded
A: small, no large weapons, nightstalker 3
a: no special abilities


You were on level 6 of the Dungeon.
You visited 1 branch of the dungeon, and saw 6 of its levels.

You collected 251 gold pieces.

Inventory:

Hand Weapons
 k - a +1 dagger of venom
 l - a +2 dagger of speed (weapon)
Missiles
 d - 15 poisoned darts (quivered)
 h - 6 boomerangs
 s - 3 curare-tipped darts
Armour
 a - a +0 scale mail (worn)
 b - a +0 pair of gloves (worn)
 c - a +0 cloak (worn)
 e - a +0 pair of boots (worn)
Jewellery
 i - a ring of ice
 v - a ring of protection from fire
Scrolls
 f - 2 scrolls of teleportation
 j - 2 scrolls of fear {unknown}
 r - 3 scrolls of fog {unknown}
 t - a scroll of enchant armour {unknown}
 u - a scroll of magic mapping {unknown}
Potions
 g - a potion of haste {unknown}
 m - 3 potions of curing
 n - a potion of brilliance
 o - 2 potions of berserk rage {unknown}
 p - 4 potions of attraction {unknown}
 q - 3 potions of heal wounds {unknown}


   Skills:
 + Level 4.3 Fighting
 * Level 7.4 Short Blades
 + Level 4.4 Throwing
 + Level 4.3 Dodging
 + Level 7.5 Stealth


You had 7 spell levels left.
You didn't know any spells.
Your spell library contained the following spells:

 Spells                   Type           Power      Damage    Failure   Level
 Foxfire                  Conj/Fire      0%         2x1d4     91%         1
 Conjure Flame            Conj/Fire      0%         6-21      99%         3
 Inner Flame              Hex/Fire       0%         N/A       99%         3
 Animate Dead             Necr           0%         N/A       100%        4
 Flame Wave               Conj/Fire      0%         2d4       100%        4
 Borgnjor's Vile Clutch   Necr/Erth      0%         N/A       100%        5
 Death Channel            Necr           0%         N/A       100%        6


Dungeon Overview and Level Annotations

Branches:
Dungeon (6/15)
 Temple: D:4-7

Altars:
Makhleb

Shops:
D:1 *   D:5 [

Annotations:
D:5 SpyderV's ghost, amateur MiFi


Innate Abilities, Weirdness & Mutations

You are small and have problems with some larger weapons.
You are completely attuned to the shadows.


Message History

There is a stone staircase leading up here.
A jelly comes into view.
The jelly hits you but does no damage.
You hit the jelly.
Your hands burn!
The jelly is moderately wounded.
You hit the jelly. The acid corrodes you!
Your hands burn!
The jelly is heavily wounded.
You hit the jelly but do no damage. The acid corrodes you!
Your hands burn!
The jelly is heavily wounded.
The jelly completely misses you.
You hit the jelly but do no damage.
Your hands burn!
The jelly is heavily wounded.
You hit the jelly.
Your hands burn!
The jelly is severely wounded.
The jelly misses you.
You hit the jelly but do no damage.
Your hands burn!
The jelly is severely wounded.
You hit the jelly.
Your hands burn!
The jelly is severely wounded.
You hit the jelly but do no damage.
Your hands burn!
The jelly is severely wounded.
The jelly barely misses you.
You hit the jelly but do no damage.
Your hands burn!
The jelly is severely wounded.
You hit the jelly but do no damage.
Your hands burn!
* * * LOW HITPOINT WARNING * * *
The jelly is severely wounded.
The jelly completely misses you.
You hit the jelly but do no damage.
Your hands burn!
* * * LOW HITPOINT WARNING * * *
The jelly is severely wounded.
You hit the jelly but do no damage.
Your hands burn!
* * * LOW HITPOINT WARNING * * *
The jelly is severely wounded.
You hit the jelly but do no damage. The acid corrodes you!
Your hands burn!
* * * LOW HITPOINT WARNING * * *
The jelly is severely wounded.
The jelly misses you.
You hit the jelly but do no damage.
Your hands burn!
You die...

###### ..# .#
....<# #.###.#
.....###......
.....##......#
.....#...@J...
..............
..............
..............
..............
#####.....


You could see a jelly.

Vanquished Creatures
  4 ogres
  A scorpion (D:4)
  2 hounds
  3 jellies
  2 gnoll boudas
  3 iguanas
  2 orc wizards
  5 gnolls
  3 adders
  A shadow imp (D:5)
  A white imp (D:5)
  An ufetubus (D:5)
  2 worms (D:2)
  4 dart slugs
  13 orcs
  2 endoplasms (D:1)
  4 giant cockroaches
  6 goblins
  6 hobgoblins
  4 kobolds
  4 quokkas
  12 ball pythons
  6 bats
  A frilled lizard (D:1)
  5 rats
97 creatures vanquished.

Notes
Turn   | Place    | Note
-------+----------+-------------------------------------------
     0 | D:1      | LustLizard the Kobold Brigand began the quest for the Orb.
     0 | D:1      | Reached XP level 1. HP: 12/12 MP: 1/1
    66 | D:1      | Reached XP level 2. HP: 17/17 MP: 2/2
   188 | D:1      | Found Ocuz's General Store.
   349 | D:1      | Reached XP level 3. HP: 22/22 MP: 3/3
   634 | D:2      | Reached XP level 4. HP: 27/27 MP: 4/4
   773 | D:2      | Noticed an ogre
  1274 | D:2      | Killed an ogre
  1275 | D:2      | Reached XP level 5. HP: 32/32 MP: 5/5
  1389 | D:3      | Found a burning altar of Makhleb.
  1542 | D:3      | Reached skill level 5 in Short Blades
  1542 | D:3      | Reached XP level 6. HP: 17/37 MP: 6/6
  2240 | D:4      | Noticed an ogre
  2409 | D:4      | Noticed an ogre
  2429 | D:4      | Killed an ogre
  2429 | D:4      | Noticed an ogre
  2605 | D:4      | Killed an ogre
  2606 | D:4      | Reached XP level 7. HP: 41/41 MP: 7/7
  3065 | D:5      | Entered Level 5 of the Dungeon
  3456 | D:5      | Reached XP level 8. HP: 48/48 MP: 8/8
  3485 | D:5      | Found Uqim's Armour Shop.
  4345 | D:5      | Found a runed translucent door.
  4927 | D:5      | Noticed SpyderV's ghost (amateur MiFi)
  5530 | D:6      | Splashed by a jelly's acid

Illustrated notes

Levels and vault maps discovered:
D:1:      dpeg_arrival_tiny_a, layout_basic, serial_shops, shop_statue
D:2:      layout_rooms
D:3:      layout_loops_ring, overflow_temple_1_default, kennysheep_potato
D:4:      layout_rooms, hex_tiny
D:5:      layout_loops_ring, serial_shops, nicolae_lakefront_shop,
          ebering_ghost_inner_flame
D:6:      layout_rooms, mainiacjoe_overflow_catwalk,
          nicolae_dithmenos_the_darkroom, okawaru_ov_weapons_minmay,
          serial_shops, shop, nicolae_inconvenience_store, nicolae_shop_trees,
          nicolae_diamond_shop, nicolae_square_shop, uniq_prince_ribbit1,
          uniq_blork_the_orc

Skill      XL: |  1  2  3  4  5  6  7  8 |
---------------+-------------------------+-----
Short Blades   | 3 4 5 6 7 |  7.4
Dodging        | 2 3 4 |  4.3
Fighting       | 3 4 |  4.3
Throwing       | 3 4 |  4.4
Stealth        | 6 7 |  7.5

Action                   |  1- 3 |  4- 6 |  7- 9 || total
-------------------------+-------+-------+-------++-------
Melee: Dagger            |    47 |   118 |   289 ||   454
       Punch             |       |       |     2 ||     2
Throw: Dart              |       |    16 |     5 ||    21
  Use: Potion            |       |     2 |       ||     2
       Scroll            |       |       |     3 ||     3
 Stab: Sleeping          |    15 |    13 |     8 ||    36
Armor: Robe              |    14 |       |       ||    14
       Scale mail        |       |    37 |    46 ||    83
Dodge: Dodged            |    33 |    54 |    78 ||   165
